 Dungeon Crawl Stone Soup version 0.23.2-33-g5129a83184 (webtiles) character file.

Game seed: 7000755450287227759

268 Matador8 the Chiller (level 6, -7/45 HPs)
             Began as a Draconian Ice Elementalist on June 26, 2019.
             Mangled by a mummy (13 damage)
             ... in an ossuary.
             The game lasted 00:23:11 (3430 turns).

Matador8 the Chiller (Draconian Ice Elementalist)   Turns: 3430, Time: 00:23:12

Health: -7/45      AC:  7    Str: 10    XL:     6   Next: 1%
Magic:  4/11       EV: 12    Int: 17    God:
Gold:   144        SH:  0    Dex: 12    Spells: 6/12 levels left

rFire    . . .     SeeInvis .   l - +1 spear (venom)
rCold    . . .     Gourm    .   (no shield)
rNeg     . . .     Faith    .   (armour unavailable)
rPois    .         Spirit   .   (helmet restricted)
rElec    .         Reflect  .   (no cloak)
rCorr    .         Harm     .   (no gloves)
MR       .....                  h - +0 pair of boots
Stlth    ++........             (no amulet)
HPRegen  0.15/turn              (no ring)
MPRegen  0.12/turn              (no ring)

@: no status effects
A: unfitting armour, cold-blooded, AC +6
a: no special abilities


You were in an ossuary.
You were not hungry.

You visited 1 branch of the dungeon, and saw 4 of its levels.
You also visited: Ossuary.

You collected 144 gold pieces.

Inventory:

Hand Weapons
 e - a +0 dagger
 l - a +1 spear of venom (weapon)
Missiles
 a - 12 poisoned needles
Armour
 h - a +0 pair of boots (worn)
Jewellery
 o - a cursed ring of teleportation {unknown}
 r - a cursed ring of attention {unknown}
Scrolls
 c - 3 scrolls of enchant weapon {unknown}
 i - 6 scrolls of identify {unknown}
 j - 6 scrolls of remove curse {unknown}
 k - a scroll of teleportation {unknown}
 n - 2 scrolls of random uselessness {unknown}
 u - a scroll of enchant armour {unknown}
 v - a scroll of vulnerability {unknown}
 y - a scroll of amnesia {unknown}
Potions
 d - 5 potions of curing {unknown}
 f - a potion of resistance {unknown}
 g - 2 potions of flight {unknown}
 m - a potion of cancellation {unknown}
 p - 2 potions of mutation {unknown}
 q - 2 potions of berserk rage {unknown}
 s - a potion of haste {unknown}
 t - a potion of lignification {unknown}
 w - a potion of heal wounds {unknown}
 x - a potion of ambrosia {unknown}
Comestibles
 b - a ration


   Skills:
 * Level 2.1 Polearms
 - Level 1.7 Dodging
 - Level 1.7 Stealth
 - Level 3.7 Spellcasting
 - Level 1.0 Conjurations
 + Level 1.1 Charms
 + Level 4.9 Ice Magic


You had 6 spell levels left.
You knew the following spells:

 Your Spells              Type           Power        Failure   Level  Hunger
a - Freeze                Ice            ###.         2%          1    None
b - Throw Frost           Conj/Ice       ##....       8%          2    ##.....
c - Ozocubu's Armour      Chrm/Ice       ##......     14%         3    ###....

Your spell library contained the following spells:

 Spells                   Type           Power        Failure   Level  Hunger
 Throw Icicle             Conj/Ice       ##......     43%         4    ####...
 Summon Ice Beast         Ice/Summ       ##......     52%         4    ####...


Dungeon Overview and Level Annotations

Branches:
Dungeon (4/15)
 Temple: D:4-7

Altars:
Xom

Annotations:
D:3 1 runed translucent door, Crazy Yiuf, Sigmund


Innate Abilities, Weirdness & Mutations

Your plain brown scales are hard. (AC +6)
You cannot fit into any form of body armour.
You are cold-blooded and may be slowed by cold attacks.


Message History

Aim: a mummy (moderately damaged)
The mummy resists.
You freeze the mummy.
The mummy is heavily damaged.
The mummy closely misses you.
Casting: Freeze (safe; 2% risk of failure)
Confirm with . or Enter, or press ? or * to list all spells.
Aiming: Freeze (safe; 2% risk of failure)
Press: ? - help, Shift-Dir - straight line, f/p - mummy
Aim: a mummy (heavily damaged)
The mummy resists.
You freeze the mummy.
The mummy is severely damaged.
Casting: Freeze (safe; 2% risk of failure)
Confirm with . or Enter, or press ? or * to list all spells.
Aiming: Freeze (safe; 2% risk of failure)
Press: ? - help, Shift-Dir - straight line, f/p - mummy
Aim: a mummy (severely damaged)
The mummy resists.
You freeze the mummy.
The mummy is severely damaged.
The mummy hits you!
You die...

##.####.#
#+# #'#
#^## +#
#^.# #.#
#^#'# #..#
#^#.##..#
##+###..#
###...##.#
#.M@..'..#
###...####
##'## #.#
###


You could see a mummy.

Vanquished Creatures
  Jessica (D:3)
  An iguana (D:4)
  7 mummies (Ossuary)
  A gnoll (D:1)
  3 adders (D:2)
  A worm (D:3)
  2 dart slugs
  A leopard gecko (D:2)
  7 orcs
  3 giant cockroaches
  10 goblins
  6 hobgoblins
  11 jackals
  A quokka (D:3)
  2 ball pythons (D:3)
  6 bats
  6 frilled lizards
  2 gnoll skeletons (Ossuary)
  3 kobolds
  2 kobold skeletons (Ossuary)
  An orc skeleton (Ossuary)
  7 rats
  11 rat skeletons (Ossuary)
95 creatures vanquished.

Notes
Turn   | Place    | Note
-------+----------+-------------------------------------------
     0 | D:1      | Matador8 the Draconian Ice Elementalist began the quest for
                  | the Orb.
     0 | D:1      | Reached XP level 1. HP: 14/14 MP: 3/3
   152 | D:1      | Reached XP level 2. HP: 17/20 MP: 0/5
   156 | D:1      | Learned a level 2 spell: Throw Frost
   560 | D:1      | Reached XP level 3. HP: 24/26 MP: 0/7
   924 | D:2      | Reached skill level 4 in Ice Magic
   962 | D:2      | Reached XP level 4. HP: 32/33 MP: 1/8
  1377 | D:2      | Found a shimmering altar of Xom.
  1495 | D:2      | Found a faded altar of an unknown god.
  1668 | D:3      | Noticed Sigmund
  1974 | D:3      | Noticed Jessica
  1978 | D:3      | Killed Jessica
  1978 | D:3      | Reached XP level 5. HP: 36/38 MP: 5/10
  2044 | D:3      | Found a runed translucent door.
  2045 | D:3      | Noticed Crazy Yiuf
  2094 | D:3      | Learned a level 3 spell: Ozocubu's Armour
  2470 | D:4      | Found a sand-covered staircase.
  2554 | Ossuary  | Entered an ossuary
  2641 | Ossuary  | Reached skill level 1 in Polearms
  3028 | Ossuary  | Reached skill level 1 in Charms
  3412 | Ossuary  | Reached XP level 6. HP: 23/45 MP: 7/11
  3430 | Ossuary  | Mangled by a mummy

Skill      XL: |  1  2  3  4  5 |
---------------+----------------+-----
Spellcasting   | 3 |  3.7
Ice Magic      | 4 |  4.9
Polearms       | 2 |  2.1
Charms         | 1 |  1.1
Dodging        | |  1.7
Stealth        | |  1.7
Conjurations   | |  1.0

Action                   |  1- 3 |  4- 6 || total
-------------------------+-------+-------++-------
Melee: Dagger            |    29 |    25 ||    54
       Tailslap          |     2 |    15 ||    17
       Unarmed           |     1 |       ||     1
       Spear             |       |   143 ||   143
 Cast: Freeze            |    39 |    54 ||    93
       Throw Frost       |     4 |     3 ||     7
 Stab: Sleeping          |     1 |     7 ||     8
       Distracted        |       |     1 ||     1
  Eat: Chunk             |     1 |     5 ||     6
       Ration            |       |     1 ||     1
Armor: Skin              |    19 |    36 ||    55
Dodge: Dodged            |    44 |    79 ||   123
